[ PARTIDA AOE2 · #475664005 ]
UnrankedBohemios vs Dravidians
[ ANÁLISIS DE REPETICIÓN · EXTRAÍDO DE LA PARTIDA GRABADA ]
Feudal
10:08
Castillos
14:05
Imperial
—
| APM promedio | 32.3 |
| APM pico | 67 |
| eAPM promedio | 13.3 |
| Aldeanos / militares | 26 / 0 |
Foco
⚔️ 15.8% · 🌾 84.2%
Feudal
11:20
Castillos
14:54
Imperial
—
| APM promedio | 36.5 |
| APM pico | 84 |
| eAPM promedio | 18.0 |
| Aldeanos / militares | 39 / 6 |
Foco
⚔️ 16.0% · 🌾 84.0%
Scout Cavalry ×5 · Monk ×1
Feudal
9:26
Castillos
—
Imperial
—
| APM promedio | 33.5 |
| APM pico | 59 |
| eAPM promedio | 18.4 |
| Aldeanos / militares | 42 / 0 |
Foco
⚔️ 19.8% · 🌾 80.2%
Feudal
9:41
Castillos
14:51
Imperial
—
| APM promedio | 39.1 |
| APM pico | 83 |
| eAPM promedio | 17.1 |
| Aldeanos / militares | 27 / 0 |
Foco
⚔️ 25.0% · 🌾 75.0%
Feudal
8:52
Castillos
—
Imperial
—
| APM promedio | 59.7 |
| APM pico | 93 |
| eAPM promedio | 24.6 |
| Aldeanos / militares | 30 / 0 |
Foco
⚔️ 36.6% · 🌾 63.4%
Feudal
9:44
Castillos
—
Imperial
—
| APM promedio | 41.0 |
| APM pico | 85 |
| eAPM promedio | 21.7 |
| Aldeanos / militares | 68 / 10 |
Foco
⚔️ 42.7% · 🌾 57.3%
Scout Cavalry ×10
Feudal
9:37
Castillos
13:45
Imperial
—
| APM promedio | 53.4 |
| APM pico | 104 |
| eAPM promedio | 13.9 |
| Aldeanos / militares | 36 / 3 |
Foco
⚔️ 12.8% · 🌾 87.2%
Warrior Priest ×3
Feudal
11:21
Castillos
14:59
Imperial
—
| APM promedio | 33.8 |
| APM pico | 64 |
| eAPM promedio | 18.1 |
| Aldeanos / militares | 34 / 5 |
Foco
⚔️ 50.2% · 🌾 49.8%
Armored Elephant ×5
Mapa de la partida
Recursos iniciales + cada clic de construcción. Líneas = muros · curvas = relieve. ◆ oro · ⬟ piedra · ● bayas · ✦ reliquia · ◌ hueco del cierre
Tu base· ✓ Cerrada en 14:05 · 0t muro · 2 puerta(s)
Base de RiasSei· ✓ Cerrada en 14:54 · 0t muro · 3 puerta(s)
Base de Fs.Maju· ✓ Cerrada en 12:00 · 0t muro · 3 puerta(s)
Base de RD | Telematico· ✓ Cerrada en 14:51 · 0t muro · 3 puerta(s)
Base de SiMpSoN· ✓ Cerrada en 14:26 · 0t muro · 2 puerta(s)
Base de Floripa· ✓ Cerrada en 12:00 · 0t muro · 2 puerta(s)
Base de LeoHefny· ✓ Cerrada en 13:45 · 5t muro · 2 puerta(s)
Base de Oni.Nego· ✓ Cerrada en 14:59 · 0t muro · 3 puerta(s)
Terreno inicial suavizado · ◌ = hueco del cierre detectado · pasá el cursor para detalles
Inputs por minuto
— Fs.Jean - - RiasSei
Build order — Fs.Jean
50 acciones detectadas en el replay
| 0:00 | Crear | Villager (Male) |
| 0:02 | Construir | House |
| 0:03 | Construir | House |
| 0:21 | Crear | Villager (Male) |
| 0:22 | Crear | Villager (Male) |
| 0:22 | Crear | Villager (Male) |
| 0:22 | Crear | Villager (Male) |
| 1:35 | Construir | Lumber Camp |
| 1:36 | Crear | Villager (Male) |
| 2:06 | Crear | Villager (Male) |
| 2:20 | Crear | Villager (Male) |
| 2:52 | Crear | Villager (Male) |
| 2:55 | Crear | Villager (Male) |
| 2:55 | Crear | Villager (Male) |
| 3:32 | Crear | Villager (Male) |
| 4:00 | Construir | House |
| 4:01 | Construir | House |
| 4:13 | Crear | Villager (Male) |
| 4:14 | Crear | Villager (Male) |
| 4:14 | Crear | Villager (Male) |
| 4:14 | Crear | Villager (Male) |
| 4:57 | Crear | Villager (Male) |
| 5:42 | Construir | Mill |
| 6:08 | Crear | Villager (Male) |
| 6:08 | Crear | Villager (Male) |
| 6:30 | Crear | Villager (Male) |
| 7:26 | Crear | Villager (Male) |
| 7:30 | Investigar | Feudal Age |
| 7:41 | Construir | Mining Camp |
| 8:53 | Crear | Villager (Male) |
| 8:53 | Crear | Villager (Male) |
| 8:55 | Investigar | Loom |
| 10:08 | Edad | Edad Feudal |
| 10:16 | Construir | Market |
| 10:22 | Construir | Blacksmith |
| 10:26 | Construir | House |
| 10:50 | Construir | Mining Camp |
| 11:25 | Investigar | Castle Age |
| 11:45 | Investigar | Double-Bit Axe |
| 13:53 | Crear | Villager (Male) |
| 13:53 | Crear | Villager (Male) |
| 14:00 | Construir | Farm |
| 14:01 | Construir | Farm |
| 14:05 | Edad | Edad de los Castillos |
| 14:10 | Construir | Castle |
| 15:18 | Construir | Monastery |
| 15:19 | Construir | Monastery |
| 15:22 | Crear | Villager (Male) |
| 16:18 | Construir | Mining Camp |
| 16:38 | Construir | Mining Camp |
Build order — RiasSei
85 acciones detectadas en el replay
| 0:00 | Crear | Villager (Male) |
| 0:00 | Crear | Villager (Male) |
| 0:02 | Construir | House |
| 0:03 | Construir | House |
| 0:13 | Crear | Villager (Male) |
| 0:13 | Crear | Villager (Male) |
| 0:13 | Crear | Villager (Male) |
| 1:24 | Crear | Villager (Male) |
| 1:24 | Crear | Villager (Male) |
| 1:48 | Construir | Lumber Camp |
| 2:01 | Crear | Villager (Male) |
| 2:01 | Crear | Villager (Male) |
| 2:15 | Crear | Villager (Male) |
| 2:15 | Crear | Villager (Male) |
| 2:43 | Crear | Villager (Male) |
| 2:43 | Crear | Villager (Male) |
| 3:01 | Construir | House |
| 3:02 | Construir | House |
| 3:09 | Crear | Villager (Male) |
| 3:10 | Crear | Villager (Male) |
| 3:38 | Crear | Villager (Male) |
| 3:38 | Crear | Villager (Male) |
| 3:41 | Construir | House |
| 3:57 | Crear | Villager (Male) |
| 4:53 | Crear | Villager (Male) |
| 4:53 | Crear | Villager (Male) |
| 4:54 | Crear | Villager (Male) |
| 5:10 | Construir | Mill |
| 5:42 | Crear | Villager (Male) |
| 5:46 | Crear | Villager (Male) |
| 6:18 | Crear | Villager (Male) |
| 6:24 | Crear | Villager (Male) |
| 7:03 | Construir | Farm |
| 7:04 | Construir | Farm |
| 7:06 | Construir | Farm |
| 7:22 | Crear | Villager (Male) |
| 7:50 | Crear | Villager (Male) |
| 8:00 | Construir | Farm |
| 8:08 | Crear | Villager (Male) |
| 8:30 | Construir | Mining Camp |
| 8:34 | Crear | Villager (Male) |
| 8:48 | Investigar | Feudal Age |
| 8:48 | Investigar | Feudal Age |
| 9:13 | Crear | Villager (Male) |
| 9:13 | Crear | Villager (Male) |
| 9:20 | Construir | House |
| 10:06 | Construir | Barracks |
| 11:20 | Edad | Edad Feudal |
| 11:28 | Construir | Stable |
| 11:30 | Construir | Blacksmith |
| 11:36 | Construir | Farm |
| 11:40 | Construir | Farm |
| 12:02 | Investigar | Double-Bit Axe |
| 12:02 | Investigar | Double-Bit Axe |
| 12:14 | Investigar | Castle Age |
| 12:14 | Investigar | Castle Age |
| 12:15 | Crear | Scout Cavalry |
| 12:38 | Crear | Scout Cavalry |
| 12:57 | Investigar | Horse Collar |
| 13:01 | Construir | Farm |
| 13:04 | Construir | Farm |
| 13:07 | Construir | Farm |
| 13:08 | Crear | Scout Cavalry |
| 13:21 | Construir | Farm |
| 13:39 | Crear | Scout Cavalry |
| 13:43 | Crear | Villager (Male) |
| 14:15 | Crear | Scout Cavalry |
| 14:24 | Construir | House |
| 14:27 | Crear | Villager (Male) |
| 14:54 | Edad | Edad de los Castillos |
| 14:56 | Construir | Monastery |
| 14:58 | Investigar | Light Cavalry (upgrade) |
| 14:58 | Investigar | Light Cavalry (upgrade) |
| 15:03 | Construir | Town Center |
| 15:07 | Crear | Villager (Male) |
| 15:30 | Investigar | Bow Saw |
| 15:44 | Crear | Monk |
| 15:45 | Crear | Villager (Male) |
| 15:45 | Crear | Villager (Male) |
| 15:54 | Crear | Villager (Male) |
| 16:01 | Construir | House |
| 16:04 | Construir | Farm |
| 16:16 | Crear | Villager (Male) |
| 16:18 | Construir | Farm |
| 16:20 | Crear | Villager (Male) |
Build order — Fs.Maju
91 acciones detectadas en el replay
| 0:04 | Crear | Villager (Male) |
| 0:04 | Crear | Villager (Male) |
| 0:05 | Crear | Villager (Male) |
| 0:06 | Construir | House |
| 0:08 | Construir | House |
| 0:12 | Crear | Villager (Male) |
| 1:37 | Crear | Villager (Male) |
| 1:49 | Construir | Lumber Camp |
| 2:12 | Crear | Villager (Male) |
| 2:54 | Crear | Villager (Male) |
| 3:14 | Crear | Villager (Male) |
| 3:14 | Crear | Villager (Male) |
| 3:51 | Construir | House |
| 3:56 | Construir | House |
| 4:07 | Crear | Villager (Male) |
| 4:15 | Crear | Villager (Male) |
| 4:24 | Crear | Villager (Male) |
| 4:59 | Construir | Mill |
| 5:05 | Crear | Villager (Male) |
| 5:15 | Crear | Villager (Male) |
| 5:50 | Crear | Villager (Male) |
| 5:58 | Crear | Villager (Male) |
| 6:17 | Crear | Villager (Male) |
| 7:16 | Investigar | Feudal Age |
| 7:56 | Construir | Lumber Camp |
| 8:17 | Crear | Villager (Male) |
| 9:26 | Edad | Edad Feudal |
| 9:40 | Construir | Market |
| 9:43 | Investigar | Double-Bit Axe |
| 9:44 | Investigar | Horse Collar |
| 10:15 | Construir | Farm |
| 10:20 | Construir | Farm |
| 10:38 | Crear | Villager (Male) |
| 10:38 | Crear | Villager (Male) |
| 10:38 | Crear | Villager (Male) |
| 10:53 | Construir | House |
| 10:54 | Construir | House |
| 10:57 | Construir | Farm |
| 10:59 | Construir | Farm |
| 11:00 | Crear | Villager (Male) |
| 11:01 | Investigar | Loom |
| 11:09 | Crear | Villager (Male) |
| 11:18 | Crear | Villager (Male) |
| 11:22 | Construir | Farm |
| 11:25 | Construir | Farm |
| 11:27 | Construir | Farm |
| 11:29 | Construir | Farm |
| 11:47 | Construir | Farm |
| 11:52 | Construir | House |
| 11:54 | Construir | House |
| 11:58 | Crear | Villager (Male) |
| 12:00 | Construir | Farm |
| 12:07 | Crear | Villager (Male) |
| 12:18 | Construir | House |
| 12:51 | Crear | Villager (Male) |
| 13:06 | Construir | Farm |
| 13:09 | Construir | Farm |
| 13:11 | Crear | Villager (Male) |
| 13:17 | Construir | Farm |
| 13:27 | Construir | House |
| 13:29 | Construir | House |
| 13:30 | Crear | Villager (Male) |
| 13:40 | Crear | Villager (Male) |
| 13:43 | Construir | Farm |
| 13:46 | Crear | Villager (Male) |
| 14:07 | Construir | Farm |
| 14:12 | Construir | House |
| 14:14 | Crear | Villager (Male) |
| 14:30 | Construir | Farm |
| 14:34 | Crear | Villager (Male) |
| 14:37 | Construir | Farm |
| 14:38 | Construir | Farm |
| 14:39 | Construir | Farm |
| 14:44 | Crear | Villager (Male) |
| 14:49 | Construir | House |
| 14:50 | Construir | House |
| 15:15 | Crear | Villager (Male) |
| 15:22 | Crear | Villager (Male) |
| 15:25 | Construir | Farm |
| 15:27 | Construir | Farm |
| 15:29 | Crear | Villager (Male) |
| 15:50 | Construir | Mining Camp |
| 15:54 | Construir | House |
| 15:55 | Construir | House |
| 16:09 | Crear | Villager (Male) |
| 16:10 | Crear | Villager (Male) |
| 16:15 | Construir | Farm |
| 16:23 | Crear | Villager (Male) |
| 16:30 | Crear | Villager (Male) |
| 16:33 | Construir | Farm |
| 16:35 | Crear | Villager (Male) |
Build order — RD | Telematico
49 acciones detectadas en el replay
| 0:00 | Crear | Villager (Male) |
| 0:01 | Crear | Villager (Male) |
| 0:02 | Crear | Villager (Male) |
| 0:02 | Crear | Villager (Male) |
| 0:04 | Construir | House |
| 0:06 | Construir | House |
| 1:26 | Crear | Villager (Male) |
| 1:45 | Construir | Lumber Camp |
| 1:58 | Crear | Villager (Male) |
| 2:15 | Crear | Villager (Male) |
| 2:43 | Crear | Villager (Male) |
| 3:09 | Construir | House |
| 3:13 | Crear | Villager (Male) |
| 3:14 | Crear | Villager (Male) |
| 3:32 | Construir | House |
| 3:38 | Crear | Villager (Male) |
| 4:04 | Crear | Villager (Male) |
| 4:04 | Crear | Villager (Male) |
| 4:22 | Construir | Mill |
| 4:46 | Crear | Villager (Male) |
| 5:14 | Crear | Villager (Male) |
| 5:38 | Crear | Villager (Male) |
| 6:09 | Crear | Villager (Male) |
| 6:27 | Crear | Villager (Male) |
| 6:28 | Construir | Mining Camp |
| 7:03 | Crear | Villager (Male) |
| 7:19 | Construir | Mining Camp |
| 7:24 | Construir | House |
| 7:28 | Investigar | Feudal Age |
| 7:28 | Investigar | Feudal Age |
| 8:57 | Crear | Villager (Male) |
| 8:57 | Crear | Villager (Male) |
| 9:17 | Investigar | Loom |
| 9:41 | Edad | Edad Feudal |
| 9:43 | Construir | Market |
| 10:40 | Construir | Blacksmith |
| 10:49 | Crear | Villager (Male) |
| 11:39 | Crear | Villager (Male) |
| 11:53 | Construir | Farm |
| 12:11 | Investigar | Castle Age |
| 12:11 | Investigar | Castle Age |
| 13:00 | Investigar | Double-Bit Axe |
| 13:10 | Construir | House |
| 14:06 | Crear | Villager (Male) |
| 14:06 | Crear | Villager (Male) |
| 14:51 | Edad | Edad de los Castillos |
| 14:52 | Construir | Castle |
| 14:56 | Crear | Villager (Male) |
| 14:56 | Crear | Villager (Male) |
Build order — SiMpSoN
68 acciones detectadas en el replay
| 0:00 | Crear | Villager (Male) |
| 0:01 | Crear | Villager (Male) |
| 0:01 | Crear | Villager (Male) |
| 0:02 | Crear | Villager (Male) |
| 0:03 | Construir | House |
| 0:04 | Construir | House |
| 1:18 | Crear | Villager (Male) |
| 1:19 | Crear | Villager (Male) |
| 1:45 | Crear | Villager (Male) |
| 1:49 | Construir | Lumber Camp |
| 2:21 | Crear | Villager (Male) |
| 2:22 | Crear | Villager (Male) |
| 2:56 | Crear | Villager (Male) |
| 3:23 | Construir | House |
| 3:34 | Crear | Villager (Male) |
| 3:50 | Crear | Villager (Male) |
| 3:50 | Crear | Villager (Male) |
| 3:51 | Crear | Villager (Male) |
| 4:06 | Construir | Mill |
| 4:35 | Crear | Villager (Male) |
| 5:21 | Crear | Villager (Male) |
| 5:40 | Crear | Villager (Male) |
| 6:42 | Investigar | Feudal Age |
| 6:51 | Construir | House |
| 7:15 | Crear | Villager (Male) |
| 8:20 | Crear | Villager (Male) |
| 8:22 | Crear | Villager (Male) |
| 8:52 | Edad | Edad Feudal |
| 8:57 | Crear | Villager (Male) |
| 8:59 | Construir | House |
| 9:02 | Investigar | Double-Bit Axe |
| 9:03 | Investigar | Horse Collar |
| 9:09 | Crear | Villager (Male) |
| 9:12 | Crear | Villager (Male) |
| 10:02 | Construir | Farm |
| 10:04 | Investigar | Horse Collar |
| 10:06 | Crear | Villager (Male) |
| 10:16 | Crear | Villager (Male) |
| 10:18 | Construir | Farm |
| 10:34 | Crear | Villager (Male) |
| 10:36 | Construir | Farm |
| 10:37 | Crear | Villager (Male) |
| 11:05 | Construir | Market |
| 11:10 | Construir | Farm |
| 11:11 | Crear | Villager (Male) |
| 11:15 | Construir | House |
| 11:38 | Construir | Farm |
| 11:39 | Construir | Farm |
| 11:41 | Construir | Farm |
| 11:42 | Construir | Farm |
| 11:59 | Construir | Farm |
| 12:19 | Construir | House |
| 12:23 | Construir | Farm |
| 12:37 | Construir | House |
| 12:41 | Construir | House |
| 12:46 | Construir | House |
| 12:53 | Construir | House |
| 13:13 | Construir | House |
| 13:33 | Crear | Villager (Male) |
| 13:50 | Construir | House |
| 13:56 | Construir | Blacksmith |
| 14:26 | Investigar | Castle Age |
| 14:43 | Construir | House |
| 15:20 | Construir | House |
| 15:37 | Crear | Villager (Male) |
| 16:30 | Construir | House |
| 16:30 | Construir | House |
| 16:31 | Construir | House |
Build order — Floripa
121 acciones detectadas en el replay
| 0:00 | Crear | Villager (Male) |
| 0:00 | Crear | Villager (Male) |
| 0:01 | Crear | Villager (Male) |
| 0:02 | Construir | House |
| 0:04 | Construir | House |
| 0:08 | Crear | Villager (Male) |
| 0:08 | Crear | Villager (Male) |
| 1:20 | Crear | Villager (Male) |
| 1:21 | Construir | Lumber Camp |
| 1:48 | Crear | Villager (Male) |
| 2:14 | Crear | Villager (Male) |
| 2:14 | Crear | Villager (Male) |
| 2:48 | Crear | Villager (Male) |
| 3:07 | Crear | Villager (Male) |
| 3:07 | Crear | Villager (Male) |
| 3:10 | Construir | House |
| 3:12 | Crear | Villager (Male) |
| 3:12 | Crear | Villager (Male) |
| 3:55 | Crear | Villager (Male) |
| 3:55 | Crear | Villager (Male) |
| 4:00 | Investigar | Double-Bit Axe |
| 4:17 | Construir | Mill |
| 4:18 | Crear | Villager (Male) |
| 4:25 | Crear | Villager (Male) |
| 4:25 | Crear | Villager (Male) |
| 4:47 | Investigar | Double-Bit Axe |
| 5:17 | Crear | Villager (Male) |
| 5:18 | Crear | Villager (Male) |
| 5:38 | Construir | House |
| 5:55 | Crear | Villager (Male) |
| 6:33 | Crear | Villager (Male) |
| 6:39 | Crear | Villager (Male) |
| 6:44 | Crear | Villager (Male) |
| 6:48 | Crear | Villager (Male) |
| 6:54 | Crear | Villager (Male) |
| 6:59 | Crear | Villager (Male) |
| 7:06 | Crear | Villager (Male) |
| 7:34 | Investigar | Feudal Age |
| 7:46 | Construir | Lumber Camp |
| 8:07 | Construir | Barracks |
| 8:10 | Crear | Villager (Male) |
| 8:15 | Crear | Villager (Male) |
| 8:23 | Construir | House |
| 8:28 | Crear | Villager (Male) |
| 8:42 | Crear | Villager (Male) |
| 9:17 | Crear | Villager (Male) |
| 9:20 | Crear | Villager (Male) |
| 9:25 | Construir | House |
| 9:28 | Investigar | Horse Collar |
| 9:35 | Crear | Villager (Male) |
| 9:44 | Edad | Edad Feudal |
| 9:48 | Construir | Stable |
| 9:51 | Crear | Villager (Male) |
| 9:56 | Investigar | Bow Saw |
| 9:58 | Crear | Villager (Male) |
| 10:02 | Crear | Villager (Male) |
| 10:07 | Crear | Villager (Male) |
| 10:15 | Crear | Villager (Male) |
| 10:30 | Crear | Scout Cavalry |
| 10:41 | Investigar | Heavy Plow |
| 10:43 | Crear | Villager (Male) |
| 10:55 | Construir | Mining Camp |
| 11:09 | Crear | Villager (Male) |
| 11:12 | Crear | Villager (Male) |
| 11:15 | Construir | Farm |
| 11:32 | Crear | Villager (Male) |
| 11:34 | Construir | Farm |
| 11:37 | Construir | Farm |
| 11:41 | Crear | Scout Cavalry |
| 11:41 | Crear | Scout Cavalry |
| 11:46 | Crear | Scout Cavalry |
| 11:55 | Crear | Scout Cavalry |
| 12:01 | Crear | Villager (Male) |
| 12:05 | Construir | Farm |
| 12:08 | Construir | House |
| 12:16 | Crear | Villager (Male) |
| 12:18 | Construir | Farm |
| 12:19 | Construir | Farm |
| 12:21 | Construir | Farm |
| 12:26 | Construir | Farm |
| 12:39 | Crear | Villager (Male) |
| 12:41 | Construir | Farm |
| 12:54 | Construir | Farm |
| 13:02 | Crear | Villager (Male) |
| 13:13 | Crear | Villager (Male) |
| 13:15 | Construir | Farm |
| 13:16 | Construir | Farm |
| 13:39 | Crear | Villager (Male) |
| 13:39 | Crear | Villager (Male) |
| 13:47 | Crear | Villager (Male) |
| 13:53 | Crear | Scout Cavalry |
| 13:54 | Crear | Scout Cavalry |
| 13:57 | Construir | Market |
| 13:58 | Crear | Villager (Male) |
| 13:58 | Crear | Villager (Male) |
| 14:02 | Crear | Villager (Male) |
| 14:21 | Crear | Scout Cavalry |
| 14:30 | Construir | Farm |
| 14:31 | Crear | Villager (Male) |
| 14:35 | Construir | House |
| 14:37 | Construir | Farm |
| 14:38 | Crear | Villager (Male) |
| 14:47 | Investigar | Gold Mining |
| 15:08 | Crear | Villager (Male) |
| 15:10 | Construir | Farm |
| 15:12 | Construir | House |
| 15:16 | Crear | Villager (Male) |
| 15:22 | Crear | Villager (Male) |
| 15:24 | Crear | Scout Cavalry |
| 15:28 | Investigar | Gold Shaft Mining |
| 15:33 | Construir | Farm |
| 15:34 | Construir | Farm |
| 15:41 | Crear | Scout Cavalry |
| 15:57 | Crear | Villager (Male) |
| 16:00 | Crear | Villager (Male) |
| 16:10 | Crear | Villager (Male) |
| 16:10 | Crear | Villager (Male) |
| 16:13 | Crear | Villager (Male) |
| 16:24 | Crear | Villager (Male) |
| 16:27 | Construir | Mining Camp |
| 16:40 | Crear | Villager (Male) |
Build order — LeoHefny
76 acciones detectadas en el replay
| 0:01 | Crear | Villager (Male) ×4 |
| 0:01 | Crear | Villager (Male) ×4 |
| 0:02 | Construir | House |
| 0:04 | Construir | House |
| 1:23 | Crear | Villager (Male) |
| 2:00 | Crear | Villager (Male) |
| 2:00 | Crear | Villager (Male) |
| 2:15 | Construir | Mule Cart |
| 2:27 | Crear | Villager (Male) |
| 2:27 | Crear | Villager (Male) |
| 3:10 | Crear | Villager (Male) |
| 3:10 | Crear | Villager (Male) |
| 3:10 | Crear | Villager (Male) |
| 3:10 | Crear | Villager (Male) |
| 3:23 | Construir | House |
| 3:24 | Construir | House |
| 3:50 | Crear | Villager (Male) |
| 3:50 | Crear | Villager (Male) |
| 3:51 | Crear | Villager (Male) |
| 3:51 | Crear | Villager (Male) |
| 4:30 | Construir | Mill |
| 4:47 | Crear | Villager (Male) |
| 5:00 | Crear | Villager (Male) |
| 5:16 | Crear | Villager (Male) |
| 6:23 | Crear | Villager (Male) |
| 6:23 | Crear | Villager (Male) |
| 6:49 | Investigar | Loom |
| 7:27 | Investigar | Feudal Age |
| 7:27 | Investigar | Feudal Age |
| 9:21 | Crear | Villager (Male) |
| 9:22 | Crear | Villager (Male) |
| 9:37 | Edad | Edad Feudal |
| 9:46 | Construir | Blacksmith |
| 9:49 | Construir | Market |
| 10:17 | Construir | Palisade Wall |
| 11:05 | Investigar | Castle Age |
| 11:05 | Investigar | Castle Age |
| 11:05 | Investigar | Castle Age |
| 11:40 | Investigar | Double-Bit Axe |
| 11:41 | Investigar | Double-Bit Axe |
| 11:51 | Construir | Farm |
| 11:51 | Construir | Farm |
| 11:52 | Construir | Farm |
| 11:52 | Construir | Farm |
| 11:53 | Construir | Farm |
| 11:53 | Construir | Farm |
| 11:53 | Construir | Farm |
| 11:55 | Construir | Farm |
| 11:55 | Construir | Farm |
| 12:24 | Investigar | Horse Collar |
| 12:24 | Investigar | Horse Collar |
| 12:52 | Construir | Farm |
| 12:52 | Construir | Farm |
| 12:58 | Construir | Mule Cart |
| 13:29 | Crear | Villager (Male) |
| 13:30 | Crear | Villager (Male) |
| 13:34 | Construir | House |
| 13:45 | Edad | Edad de los Castillos |
| 13:47 | Construir | Monastery |
| 14:05 | Construir | Farm |
| 14:13 | Construir | Farm |
| 14:31 | Crear | Warrior Priest |
| 14:34 | Crear | Villager (Male) |
| 14:49 | Construir | Farm |
| 14:52 | Construir | Farm |
| 14:54 | Crear | Villager (Male) |
| 15:20 | Crear | Villager (Male) |
| 15:27 | Construir | House |
| 15:29 | Construir | House |
| 15:43 | Crear | Warrior Priest |
| 15:47 | Crear | Villager (Male) |
| 15:49 | Crear | Warrior Priest |
| 15:54 | Construir | Town Center |
| 16:20 | Crear | Villager (Male) |
| 16:21 | Crear | Villager (Male) |
| 16:30 | Construir | House |
Build order — Oni.Nego
76 acciones detectadas en el replay
| 0:00 | Crear | Villager (Male) |
| 0:01 | Crear | Villager (Male) |
| 0:01 | Crear | Villager (Male) |
| 0:01 | Crear | Villager (Male) |
| 0:02 | Construir | House |
| 0:03 | Construir | House |
| 0:49 | Construir | Mill |
| 1:31 | Crear | Villager (Male) |
| 2:00 | Crear | Villager (Male) |
| 2:00 | Crear | Villager (Male) |
| 2:23 | Crear | Villager (Male) |
| 2:26 | Crear | Villager (Male) |
| 2:59 | Crear | Villager (Male) |
| 3:00 | Crear | Villager (Male) |
| 3:19 | Crear | Villager (Male) |
| 3:20 | Crear | Villager (Male) |
| 3:38 | Crear | Villager (Male) |
| 3:38 | Crear | Villager (Male) |
| 3:39 | Crear | Villager (Male) |
| 4:04 | Construir | House |
| 4:07 | Crear | Villager (Male) |
| 4:26 | Crear | Villager (Male) |
| 4:40 | Construir | Lumber Camp |
| 4:43 | Crear | Villager (Male) |
| 4:43 | Crear | Villager (Male) |
| 4:56 | Crear | Villager (Male) |
| 4:57 | Crear | Villager (Male) |
| 5:19 | Crear | Villager (Male) |
| 5:19 | Crear | Villager (Male) |
| 5:19 | Crear | Villager (Male) |
| 5:39 | Crear | Villager (Male) |
| 5:52 | Construir | House |
| 5:57 | Crear | Villager (Male) |
| 6:00 | Construir | House |
| 6:32 | Crear | Villager (Male) |
| 6:37 | Construir | House |
| 7:09 | Crear | Villager (Male) |
| 7:15 | Construir | Farm |
| 7:18 | Construir | Farm |
| 8:13 | Construir | Farm |
| 8:18 | Construir | Farm |
| 8:53 | Construir | Mining Camp |
| 8:58 | Investigar | Feudal Age |
| 9:20 | Construir | Farm |
| 11:21 | Edad | Edad Feudal |
| 11:23 | Crear | Villager (Male) |
| 11:23 | Crear | Villager (Male) |
| 11:25 | Construir | Market |
| 11:27 | Construir | Blacksmith |
| 11:55 | Investigar | Double-Bit Axe |
| 12:02 | Construir | House |
| 12:03 | Construir | House |
| 12:19 | Investigar | Castle Age |
| 12:46 | Investigar | Loom |
| 13:16 | Construir | Farm |
| 14:30 | Investigar | Scale Barding Armor |
| 14:30 | Investigar | Forging |
| 14:34 | Construir | Barracks |
| 14:59 | Edad | Edad de los Castillos |
| 15:10 | Construir | Siege Workshop |
| 15:14 | Construir | Siege Workshop |
| 15:14 | Crear | Villager (Male) |
| 15:23 | Construir | Palisade Wall |
| 15:24 | Construir | Palisade Wall |
| 15:36 | Crear | Villager (Male) |
| 15:51 | Investigar | Chain Barding Armor |
| 15:53 | Crear | Villager (Male) |
| 15:59 | Crear | Armored Elephant |
| 15:59 | Crear | Armored Elephant |
| 16:22 | Crear | Armored Elephant |
| 16:23 | Crear | Armored Elephant |
| 16:27 | Construir | Stable |
| 16:30 | Crear | Armored Elephant |
| 16:37 | Construir | Farm |
| 16:38 | Construir | Farm |
| 16:41 | Construir | Farm |
Cronología de la partida
| 8:07 | Floripa · first_building Barracks |
| 8:52 | SiMpSoN · age_up feudal |
| 9:26 | Fs.Maju · age_up feudal |
| 9:37 | LeoHefny · age_up feudal |
| 9:41 | RD | Telematico · age_up feudal |
| 9:44 | Floripa · age_up feudal |
| 9:48 | Floripa · first_building Stable |
| 10:06 | RiasSei · first_building Barracks |
| 10:08 | Fs.Jean · age_up feudal |
| 10:17 | LeoHefny · wall_segment Palisade Wall x5 |
| 10:40 | LeoHefny · first_market_sell 100 stone |
| 11:20 | RiasSei · age_up feudal |
| 11:21 | Oni.Nego · age_up feudal |
| 11:28 | RiasSei · first_building Stable |
| 11:44 | Fs.Maju · tribute_sent a jugador 1 |
| 11:44 | Fs.Maju · tribute_sent a jugador 3 |
| 11:44 | Fs.Maju · tribute_sent a jugador 4 |
| 11:44 | Fs.Maju · tribute_sent a jugador 5 |
| 11:44 | Fs.Maju · tribute_sent a jugador 6 |
| 11:44 | Fs.Maju · tribute_sent a jugador 7 |
| 11:44 | Fs.Maju · tribute_sent a jugador 8 |
| 12:10 | RD | Telematico · first_market_buy 100 food |
| 12:10 | RD | Telematico · first_market_sell 100 stone |
| 13:01 | Fs.Maju · tribute_sent a jugador 1 |
| 13:01 | Fs.Maju · tribute_sent a jugador 3 |
| 13:01 | Fs.Maju · tribute_sent a jugador 4 |
| 13:01 | Fs.Maju · tribute_sent a jugador 5 |
| 13:02 | Fs.Maju · tribute_sent a jugador 6 |
| 13:02 | Fs.Maju · tribute_sent a jugador 7 |
| 13:02 | Fs.Maju · tribute_sent a jugador 8 |
| 13:45 | LeoHefny · age_up castle |
| 13:47 | LeoHefny · first_building Monastery |
| 14:05 | Fs.Jean · age_up castle |
| 14:10 | Fs.Jean · first_building Castle |
| 14:26 | Fs.Maju · tribute_sent a jugador 1 |
| 14:26 | Fs.Maju · tribute_sent a jugador 3 |
| 14:26 | Fs.Maju · tribute_sent a jugador 4 |
| 14:26 | Fs.Maju · tribute_sent a jugador 5 |
| 14:26 | Fs.Maju · tribute_sent a jugador 6 |
| 14:26 | Fs.Maju · tribute_sent a jugador 7 |
| 14:26 | Fs.Maju · tribute_sent a jugador 8 |
| 14:34 | Oni.Nego · first_building Barracks |
| 14:51 | RD | Telematico · age_up castle |
| 14:52 | RD | Telematico · first_building Castle |
| 14:54 | RiasSei · age_up castle |
| 14:56 | RiasSei · first_building Monastery |
| 14:59 | Oni.Nego · age_up castle |
| 15:10 | Oni.Nego · first_building Siege Workshop |
| 15:18 | Fs.Jean · first_building Monastery |
| 15:23 | Oni.Nego · wall_segment Palisade Wall x1 |
| 15:24 | Oni.Nego · wall_segment Palisade Wall x1 |
| 15:39 | Fs.Maju · tribute_sent a jugador 1 |
| 15:39 | Fs.Maju · tribute_sent a jugador 3 |
| 15:39 | Fs.Maju · tribute_sent a jugador 4 |
| 15:39 | Fs.Maju · tribute_sent a jugador 5 |
| 15:39 | Fs.Maju · tribute_sent a jugador 6 |
| 15:39 | Fs.Maju · tribute_sent a jugador 7 |
| 15:39 | Fs.Maju · tribute_sent a jugador 8 |
| 16:17 | RD | Telematico · resign |
| 16:27 | Oni.Nego · first_building Stable |
| 16:33 | Fs.Jean · first_market_sell 100 stone |
| 16:33 | Fs.Jean · first_market_buy 100 wood |
[ ANÁLISIS IA · 1 CRÉDITO ]
¿Qué pasó realmente en esta partida?
Wolo.gg analiza cada decisión: build order, eco, micro, errores típicos por bracket. Análisis personalizado por WhatsApp o Discord en 30 segundos.
Guía civ
Bohemios
Perfil
Jugador #4008113